Connexion

Comets vs Americans

Created - 18 novembre 2023 at 06:02

Goals
1 2 3 T
Comets 1 3 2 6
Americans 2 2 0 4
Shots
1 2 3 T
Comets 19 10 13 42
Americans 10 14 4 28

GoalsPenalties
1st period
1. Americans , Turner Elson 8 (Kyle Rau 9, Cole Hults 10) at 3:30
2. Americans , Andrew Agozzino 13 (Kyle Okposo 16, Joseph Duszak 14) at 4:40
3. Comets , Michael Raffl 8 (Josh Archibald 19, Matt Bartkowski 21) at 19:24
Andrew Agozzino (POR) for Slashing (Minor) at 1:03
Markus Niemelainen (UTI) for Tripping (Minor) at 7:15
Andrew Agozzino (POR) for Roughing (Minor) at 8:11
2nd period
4. Comets , Michael Raffl 9 (Kevin Czucman 13) at 1:02
5. Americans , Ross Johnston 13 (Connor Carrick 24, Joseph Duszak 15) at 5:00 (PP)
6. Americans , Joseph Duszak 6 (Andrew Agozzino 23, Connor Carrick 25) at 9:35 (PP)
7. Comets , Frederik Gauthier 3 (Dennis Yan 7) at 15:26
8. Comets , Josh Archibald 15 (Trevor Lewis 22, Michael Raffl 5) at 16:54 (PP)
Brandon Davidson (UTI) for Charging (Minor) at 4:15
Jordan Schmaltz (UTI) for Hooking (Minor) at 8:09
Connor Carrick (POR) for Holding (Minor) at 15:53
3rd period
9. Comets , Dennis Yan 8 (Frederik Gauthier 9, Markus Niemelainen 15) at 6:49
10. Comets , Jordan Schmaltz 3 (Josh Archibald 20, Markus Niemelainen 16) at 13:47
Brendan Smith (UTI) for High sticking (Minor) at 2:00
Ross Johnston (POR) for Tripping (Minor) at 11:18
Josh Archibald (UTI) for Roughing (Minor) at 11:18
Goalie Stats
David Rittich (UTI), 14 saves from 18 shots - (0,778), 29:35 minutes
Connor Ingram (UTI), 10 saves from 10 shots - (1,000), W, 7-3-1, 30:25 minutes
Alex Starlock (POR), 36 saves from 42 shots - (0,857), L, 18-10-0, 60:00 minutes
3 StarsOfficial
1 - Michael Raffl (UTI)
2 - Josh Archibald (UTI)
3 - Dennis Yan (UTI)
Referees : Dan O'Rourke and Francois StLaurent
Linesman : Darren Gibbs and Andy McElman
Game Note
Connor Ingram enters game at 9:35 of 2nd period
Finance
Level 1 -- Attendance: 1904 (95,20%) -- Ticket Income 68 544 $
Level 2 -- Attendance: 845 (84,50%) -- Ticket Income 17 745 $
Total Attendance: 2749 (91,63%)
Total Ticket Income: 86 289 $
Other Income: 17 258 $
Total Income: 103 547 $



Team Name Goals Shots Shots Attemp Shots Blocked PIM HIT PP PK FO%
Comets 64282610211 / 3 (33%)243%
Americans 42850138162 / 4 (50%)157%

Comets
Player Name POS G A P +/- PIM HIT SHT SB MP PP MP PP SHT PK MP PK SHT FO% FOT
Brandon DavidsonD0001213019:131:2311:5400% 0
Brendan SmithD0001212122:452:3311:2600% 0
Chase De LeoC/LW0000012019:512:0301:24039% 28
Chris TerryLW/RW0000025022:542:0323:42067% 3
Cliff PuRW000001012:010:0000:0000% 0
Dennis YanLW1121024014:510:0000:410100% 1
Frederik GauthierC1121003014:130:0000:00035% 20
Jordan SchmaltzD1011201017:110:0000:5800% 0
Josh ArchibaldRW1232237020:001:5311:2400% 0
Kevin CzucmanD0111000120:131:2302:5300% 0
Logan NelsonC000000002:010:0000:00050% 2
Markus NiemelainenD0221230016:130:0000:0000% 0
Matt BartkowskiD0111002124:212:3303:0100% 0
Michael JolyRW0001012014:100:0000:0000% 1
Michael RafflLW/RW2132014118:211:5310:00067% 3
Oskar LindblomLW/RW0000022123:482:0303:01044% 9
Santeri VirtanenC000001001:200:0000:000100% 1
Trevor LewisC/RW0112025018:211:5310:00046% 24
Americans
Player Name POS G A P +/- PIM HIT SHT SB MP PP MP PP SHT PK MP PK SHT FO% FOT
Andrew AgozzinoC/LW1120413021:151:1910:5600% 1
Andrew PeekeD000-1031014:000:0000:0000% 0
Brett MurrayLW0001021012:530:0001:0600% 1
Cameron HughesC/LW000-3000017:443:4600:03065% 23
Cole HultsD011-1001114:240:0000:2400% 0
Connor CarrickD022-1222323:032:1711:3100% 0
Ethan ProwD000-1003022:322:4902:0100% 0
Joseph DuszakD123-1022423:282:1711:5500% 0
Kyle OkposoC/RW0110004024:031:2002:47057% 42
Kyle RauC/LW/RW0111012011:210:0000:0000% 0
Matt LoritoLW/RW0000011018:561:2000:000100% 3
Mattias SamuelssonD000-1000222:322:4902:0100% 0
Patrick BrownC/RW000-100015:120:0000:0000% 0
Riley TufteLW000-100005:120:0000:0000% 0
Ross JohnstonLW101-3245018:463:4641:06033% 3
Sam AnasC/RW000-3001117:413:4600:0000% 0
Sean MaloneC000-100007:140:0001:54038% 8
Turner ElsonC/LW/RW1011002112:420:0000:00055% 11



Play-by-Play

1st period


0:01 of 1st period - Kyle Okposo wins face-off versus Chase De Leo in neutral zone.
0:06 of 1st period - Shot by Connor Carrick.
0:06 of 1st period - Shot Misses the Net.
0:14 of 1st period - Shot by Brendan Smith.
0:14 of 1st period - Stopped by Alex Starlock without a rebound.
0:15 of 1st period - Michael Raffl wins face-off versus Cameron Hughes in Americans zone.
0:16 of 1st period - Shot by Josh Archibald.
0:16 of 1st period - Shot Misses the Net.
1:01 of 1st period - Icing by Brandon Davidson.
1:02 of 1st period - Trevor Lewis wins face-off versus Kyle Okposo in Comets zone.
1:02 of 1st period - Trevor Lewis is hit by Andrew Agozzino.
1:03 of 1st period - Minor Penalty to Andrew Agozzino for Slashing.
1:04 of 1st period - Chase De Leo wins face-off versus Kyle Okposo in Americans zone.
1:13 of 1st period - Shot by Chase De Leo.
1:13 of 1st period - Shot Hit the Post.
1:15 of 1st period - Shot by Brendan Smith.
1:15 of 1st period - Stopped by Alex Starlock with a rebound.
1:19 of 1st period - Shot by Chris Terry.
1:19 of 1st period - Stopped by Alex Starlock without a rebound.
1:20 of 1st period - Chase De Leo wins face-off versus Kyle Okposo in Americans zone.
1:36 of 1st period - Off-side.
1:37 of 1st period - Trevor Lewis wins face-off versus Ross Johnston in neutral zone.
2:11 of 1st period - Shot by Trevor Lewis.
2:11 of 1st period - Stopped by Alex Starlock with a rebound.
2:13 of 1st period - Shot by Michael Raffl.
2:13 of 1st period - Stopped by Alex Starlock without a rebound.
2:14 of 1st period - Kyle Okposo wins face-off versus Chase De Leo in Americans zone.
2:31 of 1st period - Shot by Chris Terry.
2:31 of 1st period - Stopped by Alex Starlock without a rebound.
2:32 of 1st period - Chase De Leo wins face-off versus Ross Johnston in Americans zone.
3:14 of 1st period - Icing by Turner Elson.
3:15 of 1st period - Trevor Lewis wins face-off versus Turner Elson in Americans zone.
3:16 of 1st period - Shot by Josh Archibald.
3:16 of 1st period - Shot Blocked by Turner Elson.
3:28 of 1st period - Shot by Turner Elson.
3:28 of 1st period - Stopped by David Rittich with a rebound.
3:30 of 1st period - Shot by Kyle Rau.
3:30 of 1st period - Deflect By Turner Elson.
3:30 of 1st period - Goal by Turner Elson - Comets : 0 - Americans : 1.
3:31 of 1st period - Kyle Okposo wins face-off versus Frederik Gauthier in neutral zone.
3:54 of 1st period - Shot by Connor Carrick.
3:54 of 1st period - Stopped by David Rittich without a rebound.
3:55 of 1st period - Cameron Hughes wins face-off versus Chase De Leo in Comets zone.
4:16 of 1st period - Shot by Oskar Lindblom.
4:16 of 1st period - Deflect By Chase De Leo.
4:16 of 1st period - Shot Misses the Net.
4:20 of 1st period - Shot by Chris Terry.
4:20 of 1st period - Shot Misses the Net.
4:22 of 1st period - Shot by Matt Bartkowski.
4:22 of 1st period - Stopped by Alex Starlock with a rebound.
4:24 of 1st period - Shot by Chris Terry.
4:24 of 1st period - Stopped by Alex Starlock without a rebound.
4:25 of 1st period - Frederik Gauthier wins face-off versus Andrew Agozzino in Americans zone.
4:40 of 1st period - Shot by Andrew Agozzino.
4:40 of 1st period - Goal by Andrew Agozzino - Comets : 0 - Americans : 2.
4:41 of 1st period - Trevor Lewis wins face-off versus Sean Malone in neutral zone.
4:46 of 1st period - Shot by Michael Raffl.
4:46 of 1st period - Deflect By Josh Archibald.
4:46 of 1st period - Shot Misses the Net.
5:00 of 1st period - Shot by Trevor Lewis.
5:00 of 1st period - Stopped by Alex Starlock without a rebound.
5:01 of 1st period - Chase De Leo wins face-off versus Kyle Okposo in Americans zone.
5:01 of 1st period - Oskar Lindblom is hit by Joseph Duszak and loses puck.
5:30 of 1st period - Shot by Connor Carrick.
5:30 of 1st period - Shot Blocked by Brendan Smith.
5:32 of 1st period - Shot by Kyle Okposo.
5:32 of 1st period - Shot Misses the Net.
6:28 of 1st period - Icing by Ethan Prow.
6:29 of 1st period - Turner Elson wins face-off versus Frederik Gauthier in Americans zone.
6:36 of 1st period - Shot by Michael Joly.
6:36 of 1st period - Deflect By Dennis Yan.
6:36 of 1st period - Stopped by Alex Starlock without a rebound.
6:37 of 1st period - Frederik Gauthier wins face-off versus Cameron Hughes in Americans zone.
6:40 of 1st period - Shot by Dennis Yan.
6:40 of 1st period - Stopped by Alex Starlock with a rebound.
6:42 of 1st period - Shot by Michael Joly.
6:42 of 1st period - Stopped by Alex Starlock without a rebound.
6:43 of 1st period - Kyle Okposo wins face-off versus Frederik Gauthier in Americans zone.
7:15 of 1st period - Minor Penalty to Markus Niemelainen for Tripping.
7:16 of 1st period - Cameron Hughes wins face-off versus Oskar Lindblom in Comets zone.
7:25 of 1st period - Connor Carrick is hit by Chris Terry and loses puck.
7:52 of 1st period - Shot by Ross Johnston.
7:52 of 1st period - Stopped by David Rittich with a rebound.
8:11 of 1st period - Minor Penalty to Andrew Agozzino for Roughing.
8:12 of 1st period - Oskar Lindblom wins face-off versus Kyle Okposo in Americans zone.
8:34 of 1st period - Shot by Brandon Davidson.
8:34 of 1st period - Shot Blocked by Mattias Samuelsson.
8:36 of 1st period - Shot by Brandon Davidson.
8:36 of 1st period - Stopped by Alex Starlock with a rebound.
8:50 of 1st period - Shot by Kyle Okposo.
8:50 of 1st period - Shot Blocked by Kevin Czucman.
9:17 of 1st period - Icing by Josh Archibald.
9:18 of 1st period - Kyle Okposo wins face-off versus Trevor Lewis in Comets zone.
10:29 of 1st period - Shot by Michael Joly.
10:29 of 1st period - Shot Misses the Net.
10:37 of 1st period - Shot by Frederik Gauthier.
10:37 of 1st period - Shot Blocked by Patrick Brown.
10:57 of 1st period - Dennis Yan is hit by Kyle Rau.
11:17 of 1st period - Shot by Logan Nelson.
11:17 of 1st period - Shot Misses the Net.
11:19 of 1st period - Shot by Brandon Davidson.
11:19 of 1st period - Stopped by Alex Starlock without a rebound.
11:20 of 1st period - Cameron Hughes wins face-off versus Trevor Lewis in Americans zone.
11:20 of 1st period - Ross Johnston is hit by Trevor Lewis and loses puck.
11:43 of 1st period - Shot by Sam Anas.
11:43 of 1st period - Stopped by David Rittich without a rebound.
11:44 of 1st period - Kyle Okposo wins face-off versus Chase De Leo in Comets zone.
12:16 of 1st period - Chase De Leo is hit by Andrew Peeke and loses puck.
12:37 of 1st period - Trevor Lewis is hit by Andrew Peeke.
12:50 of 1st period - Icing by Brendan Smith.
12:51 of 1st period - Trevor Lewis wins face-off versus Cameron Hughes in Comets zone.
13:12 of 1st period - Shot by Josh Archibald.
13:12 of 1st period - Shot Hit the Post.
13:15 of 1st period - Icing by Joseph Duszak.
13:16 of 1st period - Cameron Hughes wins face-off versus Frederik Gauthier in Americans zone.
13:24 of 1st period - Sam Anas is hit by Markus Niemelainen and loses puck.
15:00 of 1st period - Shot by Matt Lorito.
15:00 of 1st period - Shot Misses the Net.
15:02 of 1st period - Shot by Kyle Okposo.
15:02 of 1st period - Stopped by David Rittich without a rebound.
15:03 of 1st period - Chase De Leo wins face-off versus Sean Malone in Comets zone.
15:14 of 1st period - Shot by Chris Terry.
15:14 of 1st period - Stopped by Alex Starlock without a rebound.
15:15 of 1st period - Trevor Lewis wins face-off versus Kyle Okposo in Americans zone.
17:05 of 1st period - Off-side.
17:06 of 1st period - Turner Elson wins face-off versus Trevor Lewis in neutral zone.
17:17 of 1st period - Shot by Josh Archibald.
17:17 of 1st period - Stopped by Alex Starlock with a rebound.
17:19 of 1st period - Shot by Trevor Lewis.
17:19 of 1st period - Shot Misses the Net.
17:21 of 1st period - Shot by Josh Archibald.
17:21 of 1st period - Shot Misses the Net.
17:23 of 1st period - Shot by Trevor Lewis.
17:23 of 1st period - Stopped by Alex Starlock with a rebound.
17:25 of 1st period - Shot by Josh Archibald.
17:25 of 1st period - Stopped by Alex Starlock with a rebound.
18:30 of 1st period - Shot by Frederik Gauthier.
18:30 of 1st period - Shot Hit the Post.
18:52 of 1st period - Shot by Ethan Prow.
18:52 of 1st period - Stopped by David Rittich without a rebound.
18:53 of 1st period - Cameron Hughes wins face-off versus Trevor Lewis in Comets zone.
18:54 of 1st period - Shot by Joseph Duszak.
18:54 of 1st period - Stopped by David Rittich without a rebound.
18:55 of 1st period - Cameron Hughes wins face-off versus Trevor Lewis in Comets zone.
19:20 of 1st period - Shot by Josh Archibald.
19:20 of 1st period - Shot Misses the Net.
19:22 of 1st period - Shot by Josh Archibald.
19:22 of 1st period - Shot Misses the Net.
19:24 of 1st period - Shot by Michael Raffl.
19:24 of 1st period - Goal by Michael Raffl - Comets : 1 - Americans : 2.
19:25 of 1st period - Kyle Okposo wins face-off versus Chase De Leo in neutral zone.
19:44 of 1st period - Shot by Ethan Prow.
19:44 of 1st period - Stopped by David Rittich without a rebound.
19:45 of 1st period - Sean Malone wins face-off versus Frederik Gauthier in Comets zone.
Goals for this period are 1 for Comets vs 2 for Americans.
Shots for this period are 19 for Comets vs 10 for Americans.

2nd period


0:01 of 2nd period - Matt Lorito wins face-off versus Chase De Leo in neutral zone.
1:02 of 2nd period - Shot by Michael Raffl.
1:02 of 2nd period - Goal by Michael Raffl - Comets : 2 - Americans : 2.
1:03 of 2nd period - Frederik Gauthier wins face-off versus Sean Malone in neutral zone.
1:05 of 2nd period - Off-side.
1:06 of 2nd period - Trevor Lewis wins face-off versus Cameron Hughes in neutral zone.
3:28 of 2nd period - Shot by Oskar Lindblom.
3:28 of 2nd period - Shot Misses the Net.
3:56 of 2nd period - Shot by Chris Terry.
3:56 of 2nd period - Stopped by Alex Starlock without a rebound.
3:57 of 2nd period - Cameron Hughes wins face-off versus Trevor Lewis in Americans zone.
3:57 of 2nd period - Joseph Duszak is hit by Josh Archibald and loses puck.
4:15 of 2nd period - Minor Penalty to Brandon Davidson for Charging.
4:16 of 2nd period - Oskar Lindblom wins face-off versus Kyle Okposo in Comets zone.
4:16 of 2nd period - Oskar Lindblom is hit by Matt Lorito.
4:36 of 2nd period - Shot by Andrew Agozzino.
4:36 of 2nd period - Stopped by David Rittich without a rebound.
4:37 of 2nd period - Cameron Hughes wins face-off versus Oskar Lindblom in Comets zone.
4:56 of 2nd period - Shot by Connor Carrick.
4:56 of 2nd period - Stopped by David Rittich with a rebound.
4:58 of 2nd period - Shot by Ross Johnston.
4:58 of 2nd period - Shot Blocked by Oskar Lindblom.
5:00 of 2nd period - Shot by Ross Johnston.
5:00 of 2nd period - Goal by Ross Johnston - Comets : 2 - Americans : 3.
5:01 of 2nd period - Kyle Okposo wins face-off versus Trevor Lewis in neutral zone.
5:16 of 2nd period - Shot by Andrew Agozzino.
5:16 of 2nd period - Shot Misses the Net.
5:18 of 2nd period - Shot by Andrew Agozzino.
5:18 of 2nd period - Stopped by David Rittich without a rebound.
5:19 of 2nd period - Frederik Gauthier wins face-off versus Turner Elson in Comets zone.
5:36 of 2nd period - Shot by Frederik Gauthier.
5:36 of 2nd period - Stopped by Alex Starlock without a rebound.
5:37 of 2nd period - Matt Lorito wins face-off versus Trevor Lewis in Americans zone.
5:37 of 2nd period - Matt Lorito is hit by Michael Raffl.
5:50 of 2nd period - Andrew Agozzino is hit by Markus Niemelainen and loses puck.
5:55 of 2nd period - Shot by Matt Lorito.
5:55 of 2nd period - Stopped by David Rittich without a rebound.
5:56 of 2nd period - Chase De Leo wins face-off versus Cameron Hughes in Comets zone.
6:00 of 2nd period - Off-side.
6:01 of 2nd period - Kyle Okposo wins face-off versus Chase De Leo in neutral zone.
6:15 of 2nd period - Icing by Matt Bartkowski.
6:16 of 2nd period - Cameron Hughes wins face-off versus Chase De Leo in Comets zone.
7:21 of 2nd period - Shot by Andrew Agozzino.
7:21 of 2nd period - Shot Misses the Net.
7:35 of 2nd period - Connor Carrick is hit by Josh Archibald and loses puck.
7:55 of 2nd period - Off-side.
7:56 of 2nd period - Sean Malone wins face-off versus Michael Joly in neutral zone.
8:01 of 2nd period - Shot by Patrick Brown.
8:01 of 2nd period - Shot Hit the Post.
8:09 of 2nd period - Shot by Andrew Peeke.
8:09 of 2nd period - Stopped by David Rittich without a rebound.
8:09 of 2nd period - Minor Penalty to Jordan Schmaltz for Hooking.
8:10 of 2nd period - Cameron Hughes wins face-off versus Oskar Lindblom in Comets zone.
8:23 of 2nd period - Shot by Ross Johnston.
8:23 of 2nd period - Stopped by David Rittich with a rebound.
8:47 of 2nd period - Shot by Ethan Prow.
8:47 of 2nd period - Deflect By Sam Anas.
8:47 of 2nd period - Shot Misses the Net.
9:35 of 2nd period - Shot by Joseph Duszak.
9:35 of 2nd period - Goal by Joseph Duszak - Comets : 2 - Americans : 4.
9:35 of 2nd period - Connor Ingram enters game.
9:36 of 2nd period - Trevor Lewis wins face-off versus Turner Elson in neutral zone.
9:41 of 2nd period - Shot by Josh Archibald.
9:41 of 2nd period - Stopped by Alex Starlock without a rebound.
9:42 of 2nd period - Kyle Okposo wins face-off versus Frederik Gauthier in Americans zone.
9:55 of 2nd period - Shot by Frederik Gauthier.
9:55 of 2nd period - Shot Misses the Net.
9:57 of 2nd period - Shot by Jordan Schmaltz.
9:57 of 2nd period - Deflect By Frederik Gauthier.
9:57 of 2nd period - Stopped by Alex Starlock without a rebound.
9:58 of 2nd period - Turner Elson wins face-off versus Logan Nelson in Americans zone.
9:58 of 2nd period - Brett Murray is hit by Oskar Lindblom and loses puck.
10:11 of 2nd period - Shot by Oskar Lindblom.
10:11 of 2nd period - Stopped by Alex Starlock without a rebound.
10:12 of 2nd period - Trevor Lewis wins face-off versus Kyle Okposo in Americans zone.
10:28 of 2nd period - Shot by Josh Archibald.
10:28 of 2nd period - Shot Misses the Net.
11:08 of 2nd period - Off-side.
11:09 of 2nd period - Cameron Hughes wins face-off versus Chase De Leo in neutral zone.
11:16 of 2nd period - Shot by Ross Johnston.
11:16 of 2nd period - Shot Misses the Net.
11:26 of 2nd period - Shot by Ross Johnston.
11:26 of 2nd period - Stopped by Connor Ingram with a rebound.
11:50 of 2nd period - Shot by Chris Terry.
11:50 of 2nd period - Shot Blocked by Sam Anas.
11:52 of 2nd period - Shot by Chase De Leo.
11:52 of 2nd period - Shot Misses the Net.
12:16 of 2nd period - Cole Hults is hit by Dennis Yan and loses puck.
12:25 of 2nd period - Brandon Davidson is hit by Brett Murray and loses puck.
12:38 of 2nd period - Shot by Brett Murray.
12:38 of 2nd period - Stopped by Connor Ingram without a rebound.
12:39 of 2nd period - Michael Raffl wins face-off versus Kyle Okposo in Comets zone.
13:15 of 2nd period - Shot by Andrew Agozzino.
13:15 of 2nd period - Deflect By Kyle Okposo.
13:15 of 2nd period - Shot Blocked by Michael Raffl.
13:39 of 2nd period - Shot by Kyle Rau.
13:39 of 2nd period - Stopped by Connor Ingram with a rebound.
13:51 of 2nd period - Shot by Kyle Rau.
13:51 of 2nd period - Stopped by Connor Ingram with a rebound.
13:59 of 2nd period - Josh Archibald is hit by Brett Murray and loses puck.
15:10 of 2nd period - Shot by Ethan Prow.
15:10 of 2nd period - Stopped by Connor Ingram without a rebound.
15:11 of 2nd period - Frederik Gauthier wins face-off versus Sean Malone in Comets zone.
15:16 of 2nd period - Joseph Duszak is hit by Dennis Yan and loses puck.
15:20 of 2nd period - Icing by Connor Carrick.
15:21 of 2nd period - Frederik Gauthier wins face-off versus Sean Malone in Americans zone.
15:24 of 2nd period - Shot by Frederik Gauthier.
15:24 of 2nd period - Shot Misses the Net.
15:26 of 2nd period - Shot by Frederik Gauthier.
15:26 of 2nd period - Goal by Frederik Gauthier - Comets : 3 - Americans : 4.
15:27 of 2nd period - Kyle Okposo wins face-off versus Frederik Gauthier in neutral zone.
15:27 of 2nd period - Kyle Okposo is hit by Michael Joly.
15:30 of 2nd period - Off-side.
15:31 of 2nd period - Kyle Okposo wins face-off versus Chase De Leo in neutral zone.
15:51 of 2nd period - Chase De Leo is hit by Connor Carrick and loses puck.
15:53 of 2nd period - Minor Penalty to Connor Carrick for Holding.
15:54 of 2nd period - Kyle Okposo wins face-off versus Trevor Lewis in Americans zone.
16:15 of 2nd period - Shot by Brandon Davidson.
16:15 of 2nd period - Stopped by Alex Starlock without a rebound.
16:16 of 2nd period - Kyle Okposo wins face-off versus Chase De Leo in Americans zone.
16:24 of 2nd period - Off-side.
16:25 of 2nd period - Chase De Leo wins face-off versus Kyle Okposo in neutral zone.
16:43 of 2nd period - Off-side.
16:44 of 2nd period - Kyle Okposo wins face-off versus Trevor Lewis in neutral zone.
16:52 of 2nd period - Shot by Josh Archibald.
16:52 of 2nd period - Shot Misses the Net.
16:54 of 2nd period - Shot by Josh Archibald.
16:54 of 2nd period - Goal by Josh Archibald - Comets : 4 - Americans : 4.
16:55 of 2nd period - Ross Johnston wins face-off versus Chris Terry in neutral zone.
17:10 of 2nd period - Shot by Cameron Hughes.
17:10 of 2nd period - Shot Blocked by Matt Bartkowski.
17:16 of 2nd period - Oskar Lindblom is hit by Ross Johnston.
17:36 of 2nd period - Oskar Lindblom is hit by Ross Johnston and loses puck.
18:31 of 2nd period - Shot by Josh Archibald.
18:31 of 2nd period - Shot Misses the Net.
18:39 of 2nd period - Shot by Trevor Lewis.
18:39 of 2nd period - Stopped by Alex Starlock without a rebound.
18:40 of 2nd period - Dennis Yan wins face-off versus Kyle Okposo in Americans zone.
18:40 of 2nd period - Frederik Gauthier is hit by Andrew Peeke and loses puck.
18:51 of 2nd period - Shot by Cole Hults.
18:51 of 2nd period - Stopped by Connor Ingram without a rebound.
18:52 of 2nd period - Turner Elson wins face-off versus Frederik Gauthier in Comets zone.
19:01 of 2nd period - Shot by Brett Murray.
19:01 of 2nd period - Shot Misses the Net.
19:03 of 2nd period - Shot by Kyle Rau.
19:03 of 2nd period - Shot Misses the Net.
Goals for this period are 3 for Comets vs 2 for Americans.
Shots for this period are 10 for Comets vs 14 for Americans.

3rd period


0:01 of 3rd period - Kyle Okposo wins face-off versus Chase De Leo in neutral zone.
0:26 of 3rd period - Shot by Andrew Agozzino.
0:26 of 3rd period - Shot Misses the Net.
0:35 of 3rd period - Shot by Kyle Okposo.
0:35 of 3rd period - Stopped by Connor Ingram without a rebound.
0:36 of 3rd period - Cameron Hughes wins face-off versus Michael Raffl in Comets zone.
0:36 of 3rd period - Ross Johnston is hit by Brandon Davidson and loses puck.
0:44 of 3rd period - Icing by Brandon Davidson.
0:45 of 3rd period - Trevor Lewis wins face-off versus Brett Murray in Comets zone.
1:10 of 3rd period - Shot by Trevor Lewis.
1:10 of 3rd period - Shot Blocked by Mattias Samuelsson.
1:12 of 3rd period - Shot by Michael Raffl.
1:12 of 3rd period - Shot Misses the Net.
1:14 of 3rd period - Shot by Josh Archibald.
1:14 of 3rd period - Stopped by Alex Starlock without a rebound.
1:15 of 3rd period - Kyle Okposo wins face-off versus Chase De Leo in Americans zone.
1:15 of 3rd period - Kyle Okposo is hit by Oskar Lindblom.
1:26 of 3rd period - Icing by Connor Carrick.
1:27 of 3rd period - Logan Nelson wins face-off versus Kyle Okposo in Americans zone.
1:34 of 3rd period - Kyle Okposo is hit by Cliff Pu and loses puck.
1:40 of 3rd period - Joseph Duszak is hit by Brendan Smith and loses puck.
1:45 of 3rd period - Shot by Andrew Agozzino.
1:45 of 3rd period - Shot Misses the Net.
1:47 of 3rd period - Shot by Joseph Duszak.
1:47 of 3rd period - Shot Blocked by Cliff Pu.
2:00 of 3rd period - Minor Penalty to Brendan Smith for High sticking.
2:01 of 3rd period - Oskar Lindblom wins face-off versus Cameron Hughes in Comets zone.
2:18 of 3rd period - Shot by Ross Johnston.
2:18 of 3rd period - Stopped by Connor Ingram with a rebound.
3:39 of 3rd period - Off-side.
3:40 of 3rd period - Cameron Hughes wins face-off versus Oskar Lindblom in neutral zone.
4:57 of 3rd period - Icing by Matt Bartkowski.
4:58 of 3rd period - Kyle Okposo wins face-off versus Trevor Lewis in Comets zone.
5:04 of 3rd period - Michael Raffl is hit by Joseph Duszak and loses puck.
5:09 of 3rd period - Shot by Josh Archibald.
5:09 of 3rd period - Shot Blocked by Connor Carrick.
5:11 of 3rd period - Shot by Matt Bartkowski.
5:11 of 3rd period - Stopped by Alex Starlock with a rebound.
5:26 of 3rd period - Icing by Josh Archibald.
5:27 of 3rd period - Trevor Lewis wins face-off versus Cameron Hughes in Comets zone.
5:27 of 3rd period - Trevor Lewis is hit by Ross Johnston.
6:02 of 3rd period - Icing by Brandon Davidson.
6:03 of 3rd period - Kyle Okposo wins face-off versus Chase De Leo in Comets zone.
6:19 of 3rd period - Icing by Cole Hults.
6:20 of 3rd period - Kyle Okposo wins face-off versus Frederik Gauthier in Americans zone.
6:39 of 3rd period - Shot by Andrew Agozzino.
6:39 of 3rd period - Shot Misses the Net.
6:47 of 3rd period - Shot by Dennis Yan.
6:47 of 3rd period - Shot Misses the Net.
6:49 of 3rd period - Shot by Dennis Yan.
6:49 of 3rd period - The goal is going for a video replay.
6:49 of 3rd period - The goal is good.
6:49 of 3rd period - Goal by Dennis Yan - Comets : 5 - Americans : 4.
6:50 of 3rd period - Chris Terry wins face-off versus Cameron Hughes in neutral zone.
6:52 of 3rd period - Chase De Leo is hit by Connor Carrick and loses puck.
6:59 of 3rd period - Shot by Chris Terry.
6:59 of 3rd period - Shot Blocked by Joseph Duszak.
7:01 of 3rd period - Shot by Kevin Czucman.
7:01 of 3rd period - Shot Blocked by Connor Carrick.
7:37 of 3rd period - Joseph Duszak is hit by Chase De Leo.
8:20 of 3rd period - Sean Malone is hit by Trevor Lewis and loses puck.
8:51 of 3rd period - Icing by Andrew Peeke.
8:52 of 3rd period - Frederik Gauthier wins face-off versus Kyle Okposo in Americans zone.
8:53 of 3rd period - Shot by Dennis Yan.
8:53 of 3rd period - Shot Blocked by Cole Hults.
9:22 of 3rd period - Shot by Kyle Okposo.
9:22 of 3rd period - Deflect By Matt Lorito.
9:22 of 3rd period - Shot Misses the Net.
9:24 of 3rd period - Shot by Kyle Okposo.
9:24 of 3rd period - Deflect By Matt Lorito.
9:24 of 3rd period - Shot Misses the Net.
9:49 of 3rd period - Icing by Connor Carrick.
9:50 of 3rd period - Chase De Leo wins face-off versus Turner Elson in Americans zone.
9:53 of 3rd period - Shot by Oskar Lindblom.
9:53 of 3rd period - Deflect By Chris Terry.
9:53 of 3rd period - Shot Misses the Net.
10:18 of 3rd period - Shot by Oskar Lindblom.
10:18 of 3rd period - Shot Blocked by Joseph Duszak.
11:18 of 3rd period - Minor Penalty to Ross Johnston for Tripping.
11:18 of 3rd period - Minor Penalty to Josh Archibald for Roughing.
11:19 of 3rd period - Kyle Okposo wins face-off versus Frederik Gauthier in neutral zone.
11:21 of 3rd period - Off-side.
11:22 of 3rd period - Santeri Virtanen wins face-off versus Kyle Okposo in neutral zone.
11:28 of 3rd period - Icing by Joseph Duszak.
11:29 of 3rd period - Chris Terry wins face-off versus Kyle Okposo in Americans zone.
11:44 of 3rd period - Off-side.
11:45 of 3rd period - Kyle Okposo wins face-off versus Oskar Lindblom in neutral zone.
11:54 of 3rd period - Shot by Kyle Okposo.
11:54 of 3rd period - Stopped by Connor Ingram with a rebound.
12:25 of 3rd period - Icing by Ethan Prow.
12:26 of 3rd period - Chase De Leo wins face-off versus Kyle Okposo in Americans zone.
12:43 of 3rd period - Shot by Chase De Leo.
12:43 of 3rd period - Stopped by Alex Starlock without a rebound.
12:44 of 3rd period - Turner Elson wins face-off versus Chase De Leo in Americans zone.
12:44 of 3rd period - Turner Elson is hit by Santeri Virtanen.
13:02 of 3rd period - Shot by Chase De Leo.
13:02 of 3rd period - Shot Blocked by Joseph Duszak.
13:09 of 3rd period - Icing by Joseph Duszak.
13:10 of 3rd period - Oskar Lindblom wins face-off versus Turner Elson in Americans zone.
13:36 of 3rd period - Andrew Peeke is hit by Josh Archibald and loses puck.
13:45 of 3rd period - Shot by Josh Archibald.
13:45 of 3rd period - Stopped by Alex Starlock with a rebound.
13:47 of 3rd period - Shot by Jordan Schmaltz.
13:47 of 3rd period - Goal by Jordan Schmaltz - Comets : 6 - Americans : 4.
13:48 of 3rd period - Kyle Okposo wins face-off versus Frederik Gauthier in neutral zone.
13:50 of 3rd period - Off-side.
13:51 of 3rd period - Kyle Okposo wins face-off versus Chase De Leo in neutral zone.
13:58 of 3rd period - Shot by Kyle Okposo.
13:58 of 3rd period - Shot Misses the Net.
14:29 of 3rd period - Off-side.
14:30 of 3rd period - Cameron Hughes wins face-off versus Trevor Lewis in neutral zone.
15:05 of 3rd period - Brandon Davidson is hit by Ross Johnston and loses puck.
15:21 of 3rd period - Ethan Prow is hit by Markus Niemelainen.
15:35 of 3rd period - Shot by Michael Joly.
15:35 of 3rd period - Stopped by Alex Starlock with a rebound.
15:37 of 3rd period - Shot by Frederik Gauthier.
15:37 of 3rd period - Shot Misses the Net.
15:39 of 3rd period - Shot by Jordan Schmaltz.
15:39 of 3rd period - Shot Misses the Net.
15:41 of 3rd period - Shot by Frederik Gauthier.
15:41 of 3rd period - Shot Misses the Net.
15:45 of 3rd period - Shot by Dennis Yan.
15:45 of 3rd period - Shot Misses the Net.
15:47 of 3rd period - Shot by Dennis Yan.
15:47 of 3rd period - Stopped by Alex Starlock without a rebound.
15:48 of 3rd period - Chase De Leo wins face-off versus Kyle Okposo in Americans zone.
15:51 of 3rd period - Shot by Oskar Lindblom.
15:51 of 3rd period - Stopped by Alex Starlock without a rebound.
15:52 of 3rd period - Chase De Leo wins face-off versus Kyle Okposo in Americans zone.
15:53 of 3rd period - Shot by Oskar Lindblom.
15:53 of 3rd period - Shot Blocked by Joseph Duszak.
16:59 of 3rd period - Shot by Michael Raffl.
16:59 of 3rd period - Shot Blocked by Connor Carrick.
17:01 of 3rd period - Shot by Trevor Lewis.
17:01 of 3rd period - Stopped by Alex Starlock with a rebound.
17:05 of 3rd period - Shot by Josh Archibald.
17:05 of 3rd period - Stopped by Alex Starlock without a rebound.
17:06 of 3rd period - Cameron Hughes wins face-off versus Frederik Gauthier in Americans zone.
18:24 of 3rd period - Shot by Trevor Lewis.
18:24 of 3rd period - Deflect By Michael Raffl.
18:24 of 3rd period - Stopped by Alex Starlock without a rebound.
18:25 of 3rd period - Sean Malone wins face-off versus Chase De Leo in Americans zone.
18:25 of 3rd period - Sean Malone is hit by Chris Terry.
18:57 of 3rd period - Shot by Chase De Leo.
18:57 of 3rd period - Stopped by Alex Starlock without a rebound.
18:58 of 3rd period - Matt Lorito wins face-off versus Trevor Lewis in Americans zone.
19:12 of 3rd period - Shot by Kyle Okposo.
19:12 of 3rd period - Stopped by Connor Ingram without a rebound.
19:13 of 3rd period - Turner Elson wins face-off versus Frederik Gauthier in Comets zone.
Goals for this period are 2 for Comets vs 0 for Americans.
Shots for this period are 13 for Comets vs 4 for Americans.